[Event "December 5 Early 2023"]
[Site "https://www.chess.com"]
[Date "2023.12.05"]
[Round "4"]
[White "Sadubayev, Airat"]
[Black "Martin, Lewis"]
[Result "1-0"]
[Board "197"]
[TimeControl "180+1"]
[WhiteFideId "13713264"]
[BlackFideId "410551"]
[WhiteElo "2675"]
[BlackElo "2259"]
[WhiteTeam "KAZ"]
[BlackTeam "ENG"]
[WhiteClock "0:00:07"]
[BlackClock "0:00:00"]

1. d4 d5 2. c4 c6 3. cxd5 cxd5 4. Nc3 Nf6 5. Bf4 Nc6 6. Nf3 Bg4 7. e3 e6 8. Bb5 Bd6 9. Qa4 O-O 10. Bxc6 bxc6 11. Bxd6 Qxd6 12. Ne5 c5 13. Nb5 Qb8 14. Nxg4 Nxg4 15. dxc5 Ne5 16. O-O a6 17. Nd4 Qxb2 18. Rab1 Qc3 19. Rfc1 Qd3 20. c6 Rfc8 21. c7 Rxc7 22. Rd1 Qg6 23. Qa5 Rc4 24. Qxa6 Rcc8 25. Qd6 Nc4 26. Qd7 Rd8 27. Qc6 Rdc8 28. Qb7 h5 29. Nc6 Re8 30. Ne7+ Rxe7 31. Qxe7 Rxa2 32. Rb8+ Kh7 33. Qf8 Qc2 34. Rf1 Nxe3 35. Qxf7 1-0

[Event "December 5 Early 2023"]
[Site "https://www.chess.com"]
[Date "2023.12.05"]
[Round "4"]
[White "Senft, Sean"]
[Black "Minina, Veronika"]
[Result "1-0"]
[Board "198"]
[TimeControl "180+1"]
[WhiteFideId "2044960"]
[BlackFideId "4174780"]
[WhiteElo "2498"]
[BlackElo "2258"]
[WhiteTeam "USA"]
[BlackTeam "RUS"]
[WhiteClock "0:00:53"]
[BlackClock "0:00:00"]

1. d4 Nf6 2. c4 g6 3. Nc3 Bg7 4. e4 d6 5. f4 O-O 6. Nf3 Na6 7. Bd3 e5 8. fxe5 dxe5 9. d5 c5 10. O-O Ne8 11. Bg5 Qd7 12. Qd2 Nd6 13. Bh6 f6 14. Bxg7 Qxg7 15. a3 Nc7 16. b4 b6 17. bxc5 bxc5 18. Na4 Na6 19. Qa5 f5 20. Nxc5 Nxc5 21. Qxc5 Nxe4 22. Bxe4 fxe4 23. Ng5 Bf5 24. Ne6 Bxe6 25. dxe6 Rac8 26. Qd6 Rfd8 27. Qb4 Re8 28. Rf7 Qh6 29. Qb7 Rb8 30. Qxa7 Ra8 31. Qb7 e3 32. Re1 Rxa3 33. Qf3 Raa8 34. e7 Rac8 35. Rf1 e2 36. Qxe2 Qg5 37. Qf3 Rxe7 38. Rf8+ 1-0

[Event "December 5 Early 2023"]
[Site "https://www.chess.com"]
[Date "2023.12.05"]
[Round "4"]
[White "Bold, Andre"]
[Black "Ernst, Luca"]
[Result "1-0"]
[Board "199"]
[TimeControl "180+1"]
[WhiteFideId "16208471"]
[BlackFideId "45117055"]
[WhiteElo "2483"]
[BlackElo "2249"]
[WhiteTeam "GER"]
[BlackTeam "FRA"]
[WhiteClock "0:01:09"]
[BlackClock "0:00:02"]

1. Nf3 Nf6 2. e3 e6 3. b3 c5 4. Bb2 Nc6 5. Be2 Be7 6. O-O d6 7. d4 O-O 8. c4 cxd4 9. exd4 d5 10. c5 b6 11. cxb6 axb6 12. Nbd2 Bd6 13. Ne5 Bd7 14. Ndf3 Ne4 15. Bd3 f6 16. Nxc6 Bxc6 17. Qe2 Qe8 18. a4 Qh5 19. Rfc1 Bb7 20. h3 Rfc8 21. Rxc8+ Rxc8 22. Rc1 Qe8 23. Bb5 Qd8 24. Qd1 Bf4 25. Rxc8 Qxc8 26. Bd3 Nd6 27. g3 Bh6 28. Qc2 g6 29. Qxc8+ Bxc8 30. h4 Kf7 31. Kf1 Bf8 32. Ke2 Bd7 33. Bc2 Nb7 34. Bc3 Na5 35. Ne1 Bd6 36. Nd3 Ke7 37. Nb2 Nc6 38. Nd3 e5 39. b4 e4 40. Nf4 Be6 41. b5 Nb8 42. Bb3 Bxf4 43. gxf4 Kd6 44. f3 f5 45. fxe4 fxe4 46. Ke3 Kd7 47. a5 Kc7 48. a6 Bd7 49. a7 Kb7 50. axb8=Q+ Kxb8 51. Bxd5 Bxb5 52. Bxe4 1-0

[Event "December 5 Early 2023"]
[Site "https://www.chess.com"]
[Date "2023.12.05"]
[Round "4"]
[White "Sami, Sama"]
[Black "Mickiewicz, Piotr"]
[Result "1-0"]
[Board "200"]
[TimeControl "180+1"]
[WhiteFideId "4802926"]
[BlackFideId "1114891"]
[WhiteElo "2252"]
[BlackElo "2409"]
[WhiteTeam "IRQ"]
[BlackTeam "POL"]
[WhiteClock "0:01:10"]
[BlackClock "0:00:00"]

1. e4 e5 2. Nf3 Nc6 3. Bb5 Nge7 4. d4 exd4 5. Nxd4 g6 6. Nc3 Bg7 7. Be3 O-O 8. Qd2 d6 9. Nxc6 bxc6 10. Be2 Be6 11. O-O a5 12. b3 Re8 13. Rad1 Qb8 14. a4 Qb4 15. Nb1 Qxe4 16. Bf3 Qe5 17. Rfe1 Qb2 18. Bg5 Nd5 19. Bxd5 Bxd5 20. Rxe8+ Rxe8 21. Qxa5 Qxc2 22. Rf1 Bd4 23. Nd2 Re2 24. Bh6 Re8 25. Qxc7 Bc5 26. Qd7 Ra8 27. Qb7 Re8 28. Qd7 Ra8 29. Re1 1-0

[Event "December 5 Early 2023"]
[Site "https://www.chess.com"]
[Date "2023.12.05"]
[Round "4"]
[White "Garcia Correa, Jose Ricardo"]
[Black "Cesar Maestre, Bernardo"]
[Result "0-1"]
[Board "201"]
[TimeControl "180+1"]
[WhiteFideId "5101832"]
[BlackFideId "24542547"]
[WhiteElo "2235"]
[BlackElo "2406"]
[WhiteTeam "MEX"]
[BlackTeam "ESP"]
[WhiteClock "0:00:14"]
[BlackClock "0:00:46"]

1. e4 c5 2. Nf3 d6 3. d4 cxd4 4. Nxd4 Nf6 5. Nc3 a6 6. f4 e5 7. Nf3 Qc7 8. Bd3 Nbd7 9. O-O Be7 10. a3 O-O 11. Kh1 b5 12. Qe1 Bb7 13. fxe5 dxe5 14. Nh4 g6 15. Bh6 Rfd8 16. Qf2 Nc5 17. Rad1 Rd7 18. Bg5 Rd6 19. Be2 Rb6 20. Nd5 Bxd5 21. exd5 Nce4 22. Qe3 Nxg5 23. Qxg5 Nxd5 24. Qg4 Bxh4 25. Rxd5 Bf6 26. Bd3 Rd8 27. Qe4 Rxd5 28. Qxd5 Kg7 29. h4 Bxh4 30. g3 Bxg3 31. Kg2 Bf4 32. b4 Rd6 33. Qe4 Qc3 34. Rf3 Qd2+ 35. Rf2 Qe3 36. Qxe3 Bxe3 37. Re2 Bd4 38. Kf3 f5 39. Rg2 e4+ 40. Bxe4 fxe4+ 41. Kxe4 Bf6 0-1

[Event "December 5 Early 2023"]
[Site "https://www.chess.com"]
[Date "2023.12.05"]
[Round "4"]
[White "Zoete, Roelant"]
[Black "Tarasova, Viktoriya"]
[Result "1-0"]
[Board "202"]
[TimeControl "180+1"]
[WhiteFideId "40103269"]
[BlackFideId "4175840"]
[WhiteElo "2204"]
[BlackElo "2350"]
[WhiteTeam "NED"]
[BlackTeam "RUS"]
[WhiteClock "0:01:50"]
[BlackClock "0:01:33"]

1. e4 e5 2. Nf3 Nc6 3. Nc3 Nf6 4. d4 exd4 5. Nxd4 Bb4 6. Nxc6 bxc6 7. Bd3 O-O 8. O-O d5 9. exd5 cxd5 10. Bg5 c6 11. Na4 Bd6 12. c3 h6 13. Bh4 c5 14. Bc2 Ba6 15. Re1 Be7 16. Bxf6 Bxf6 17. Nxc5 Bc8 18. Qd3 g6 19. Rad1 Rb8 20. b4 d4 21. Qg3 Rb6 22. cxd4 Rxb4 23. d5 Rb2 24. Bb3 Qb6 25. Na4 Qb4 26. Nxb2 Bxb2 27. d6 Bf6 28. Qxg6+ 1-0

[Event "December 5 Early 2023"]
[Site "https://www.chess.com"]
[Date "2023.12.05"]
[Round "4"]
[White "Vigoa Apecheche, Yanira"]
[Black "Teumer, Joerg, Dr."]
[Result "1-0"]
[Board "203"]
[TimeControl "180+1"]
[WhiteFideId "3507041"]
[BlackFideId "4643526"]
[WhiteElo "2340"]
[BlackElo "2136"]
[WhiteTeam "USA"]
[BlackTeam "GER"]
[WhiteClock "0:02:00"]
[BlackClock "0:01:24"]

1. d4 Nf6 2. Bg5 e6 3. Nd2 d5 4. e3 c5 5. c3 Nc6 6. Ngf3 h6 7. Bh4 Be7 8. Bd3 O-O 9. O-O b6 10. Ne5 Bb7 11. f4 cxd4 12. exd4 Na5 13. Qf3 Rc8 14. f5 Ne4 15. Bxe7 Nxd2 16. Bxd8 Nxf3+ 17. Rxf3 Rcxd8 18. fxe6 fxe6 19. Raf1 Nc6 20. Nxc6 Bxc6 21. Rxf8+ Rxf8 22. Bh7+ Kxh7 23. Rxf8 Kg6 24. Kf2 1-0

[Event "December 5 Early 2023"]
[Site "https://www.chess.com"]
[Date "2023.12.05"]
[Round "4"]
[White "Eggleston, Thomas A"]
[Black "Feliz Dotel, Dewar Bienvenido"]
[Result "1-0"]
[Board "204"]
[TimeControl "180+1"]
[WhiteFideId "412139"]
[BlackFideId "6402801"]
[WhiteElo "2332"]
[BlackElo "2090"]
[WhiteTeam "ENG"]
[BlackTeam "DOM"]
[WhiteClock "0:00:01"]
[BlackClock "0:00:02"]

1. e4 e5 2. f4 exf4 3. Bc4 Qh4+ 4. Kf1 f5 5. Nf3 Qh6 6. exf5 d5 7. Bxd5 Bd6 8. d4 Ne7 9. Qe2 Nd7 10. c4 Nf6 11. Be6 c6 12. Nc3 Nh5 13. Kg1 Bxe6 14. fxe6 O-O 15. Bd2 Rf6 16. Re1 Re8 17. g4 fxg3 18. Bxh6 Rxh6 19. Ne5 Nf4 20. Qf3 Rf8 21. Nf7 Nxe6 22. Nxh6+ gxh6 23. Qg4+ Ng7 24. hxg3 h5 25. Qg5 Nf5 26. Ne4 h6 27. Nf6+ Kf7 28. Qd2 Nxg3 29. Rh3 N3f5 30. Nxh5 Kg6 31. Nxg7 Nxg7 32. Qg2+ Kh7 33. Rg3 Rg8 34. Rg4 Kh8 35. Rg6 h5 36. Rh6# 1-0

[Event "December 5 Early 2023"]
[Site "https://www.chess.com"]
[Date "2023.12.05"]
[Round "4"]
[White "Besso, Guadalupe"]
[Black "Umarov, Sabir"]
[Result "0-1"]
[Board "205"]
[TimeControl "180+1"]
[WhiteFideId "123161"]
[BlackFideId "14200538"]
[WhiteElo "2081"]
[BlackElo "2314"]
[WhiteTeam "ARG"]
[BlackTeam "UZB"]
[WhiteClock "0:00:12"]
[BlackClock "0:00:18"]

1. d4 c6 2. c4 Nf6 3. Nf3 g6 4. g3 d5 5. Bg2 Bg7 6. O-O O-O 7. Nc3 Bf5 8. cxd5 cxd5 9. Ne5 Nc6 10. Nxc6 bxc6 11. Qa4 Qb6 12. h3 Ne4 13. Nxe4 Bxe4 14. Bxe4 dxe4 15. e3 Rac8 16. b4 Qb5 17. Qb3 Rb8 18. Bd2 h5 19. a4 Qf5 20. Kh2 e5 21. dxe5 Bxe5 22. Bc3 a5 23. Qc4 h4 24. Bxe5 Qxe5 25. Rab1 hxg3+ 26. fxg3 Rbd8 27. Rf2 Rd3 28. Rbf1 Rxe3 29. Rg1 axb4 30. Qxb4 c5 31. Qc4 Qd4 32. Qb5 Ra3 33. a5 Qxf2+ 0-1

[Event "December 5 Early 2023"]
[Site "https://www.chess.com"]
[Date "2023.12.05"]
[Round "4"]
[White "Sailer, Mike"]
[Black "Chirivi C, Jenny Astrid"]
[Result "0-1"]
[Board "206"]
[TimeControl "180+1"]
[WhiteFideId "2012901"]
[BlackFideId "4403061"]
[WhiteElo "2048"]
[BlackElo "2311"]
[WhiteTeam "USA"]
[BlackTeam "COL"]
[WhiteClock "0:00:00"]
[BlackClock "0:00:05"]

1. d4 Nf6 2. Bg5 e6 3. Nd2 h6 4. Bh4 c5 5. e3 b6 6. Ngf3 Bb7 7. c3 cxd4 8. exd4 d6 9. Bd3 Be7 10. O-O O-O 11. a4 a6 12. Re1 Nbd7 13. Nf1 Nd5 14. Bg3 Qc7 15. Bc2 N7f6 16. Qd3 Rac8 17. h3 Nb4 18. Qe2 Nxc2 19. Qxc2 Bxf3 20. gxf3 Qc6 21. Nh2 Qd5 22. Qd3 a5 23. Ng4 Nh5 24. Kg2 Qg5 25. Kh2 f5 26. Rxe6 fxg4 27. fxg4 Nf4 28. Bxf4 Qxf4+ 29. Qg3 Qxf2+ 30. Qxf2 Rxf2+ 31. Kg3 Rf7 32. Rae1 Bf8 33. d5 Rc5 34. Rd1 Rc4 35. Re8 Rxa4 36. Rb8 Re4 37. Rxb6 Re3+ 38. Kg2 Be7 39. Rd2 Bh4 40. Rxd6 Rff3 41. Re6 Rg3+ 42. Kf1 Ref3+ 43. Ke2 Rxh3 44. d6 Rf2+ 45. Kd1 Rxd2+ 46. Kxd2 Bg5+ 47. Kc2 a4 48. d7 Kf7 49. Re8 Rh2+ 0-1

[Event "December 5 Early 2023"]
[Site "https://www.chess.com"]
[Date "2023.12.05"]
[Round "4"]
[White "O`Gorman, Tom"]
[Black "Fernandez Sanchez, Mario Andres"]
[Result "1-0"]
[Board "207"]
[TimeControl "180+1"]
[WhiteFideId "2508249"]
[BlackFideId "6501621"]
[WhiteElo "2528"]
[BlackElo "2229"]
[WhiteTeam "IRL"]
[BlackTeam "CRC"]
[WhiteClock "0:00:21"]
[BlackClock "0:00:14"]

1. c4 c6 2. Nf3 d5 3. e3 Nf6 4. Nc3 g6 5. d4 Bg7 6. Be2 O-O 7. O-O e6 8. b4 a6 9. a4 Re8 10. Qb3 b6 11. Ba3 Nbd7 12. b5 cxb5 13. axb5 dxc4 14. Bxc4 a5 15. e4 Bb7 16. Rfe1 Rc8 17. Bd3 Qc7 18. Rac1 Qb8 19. Nd2 Qa8 20. Nc4 Bf8 21. Bxf8 Rxf8 22. Nd6 Rc7 23. Nxb7 Qxb7 24. e5 Nh5 25. Ne4 Rfc8 26. Rxc7 Rxc7 27. Nd6 Qb8 28. Be4 Ng7 29. g4 Ne8 30. Bc6 Qd8 31. Nxe8 Qxe8 32. d5 Nc5 33. Bxe8 Nxb3 34. d6 Rc8 35. Bc6 Nc5 36. f4 Kf8 37. f5 gxf5 38. gxf5 exf5 39. Rf1 a4 40. Rxf5 Ne6 41. Bd5 Ke8 42. Bxe6 fxe6 43. Rg5 Kd7 44. Rg7+ Kd8 45. Ra7 Rc1+ 46. Kg2 Rb1 47. Rxa4 Rxb5 48. Ra8+ Kd7 49. Ra7+ Kc6 50. Rc7+ Kd5 51. d7 Kxe5 52. d8=Q Rb2+ 53. Kg3 1-0

[Event "December 5 Early 2023"]
[Site "https://www.chess.com"]
[Date "2023.12.05"]
[Round "4"]
[White "Kurmangaliyeva, Liya"]
[Black "NastyaHn"]
[Result "1-0"]
[Board "208"]
[TimeControl "180+1"]
[WhiteFideId "13725831"]
[WhiteElo "2498"]
[BlackElo "2216"]
[WhiteTeam "KAZ"]
[WhiteClock "0:00:54"]
[BlackClock "0:00:00"]

1. d4 Nf6 2. Nf3 d5 3. c4 c6 4. e3 e6 5. Nc3 Nbd7 6. Qc2 Be7 7. Bd3 O-O 8. O-O dxc4 9. Bxc4 c5 10. Rd1 cxd4 11. Nxd4 Qb6 12. b3 Ne5 13. Be2 Bd7 14. Bb2 Rac8 15. Rac1 h6 16. Qb1 a6 17. h3 Qa7 18. Ne4 Nxe4 19. Qxe4 Ng6 20. Bh5 Nh8 21. Nf5 exf5 22. Qxe7 Be6 23. Qd6 Qb8 24. Qd4 f6 25. Qb6 Bf7 26. Bf3 Rxc1 27. Rxc1 Rd8 28. Bd4 Rd7 29. Qc5 Kh7 30. Qxf5+ 1-0

[Event "December 5 Early 2023"]
[Site "https://www.chess.com"]
[Date "2023.12.05"]
[Round "4"]
[White "Budrewicz, Krzysztof"]
[Black "Verbin, Valentina"]
[Result "1-0"]
[Board "209"]
[TimeControl "180+1"]
[WhiteFideId "1127950"]
[BlackFideId "13905910"]
[WhiteElo "2497"]
[BlackElo "2214"]
[WhiteTeam "POL"]
[BlackTeam "MDA"]
[WhiteClock "0:02:05"]
[BlackClock "0:00:00"]

1. d4 Nf6 2. c4 g6 3. Nc3 Bg7 4. e4 O-O 5. Be2 d6 6. Bg5 c5 7. d5 e6 8. Qd2 exd5 9. cxd5 Re8 10. f3 Qa5 11. Bf4 Rd8 12. Bd3 a6 13. Nge2 b5 14. O-O c4 15. Bc2 b4 16. Nd1 Nh5 17. Be3 Nd7 18. a3 Rb8 19. Nd4 c3 20. bxc3 bxa3 21. Nc6 Qc7 22. Nxb8 Qxb8 23. Rxa3 Ne5 24. Rb3 Qa8 25. Bd3 a5 26. Be2 a4 27. Ra3 Qa5 28. Nb2 Bd7 29. Rfa1 Ra8 30. Nxa4 Bxa4 31. Rxa4 Qxa4 32. Rxa4 Rxa4 33. g4 Nf6 34. h3 Nfd7 35. Bd4 Ra1+ 36. Kg2 f5 37. f4 1-0

[Event "December 5 Early 2023"]
[Site "https://www.chess.com"]
[Date "2023.12.05"]
[Round "4"]
[White "Florianovitz, Derlei Alex"]
[Black "Tikhonov, Viacheslav"]
[Result "0-1"]
[Board "210"]
[TimeControl "180+1"]
[WhiteFideId "2114178"]
[BlackFideId "44196407"]
[WhiteElo "2211"]
[BlackElo "2484"]
[WhiteTeam "BRA"]
[BlackTeam "RUS"]
[WhiteClock "0:00:00"]
[BlackClock "0:00:26"]

1. e4 c5 2. Nf3 g6 3. d4 cxd4 4. Nxd4 Nc6 5. c4 Nf6 6. Nc3 Nxd4 7. Qxd4 d6 8. Be2 Bg7 9. Be3 O-O 10. Qd2 Be6 11. O-O Qa5 12. f3 Rfc8 13. b3 a6 14. Nd5 Qxd2 15. Bxd2 Nxd5 16. exd5 Bd4+ 17. Kh1 Bxa1 18. dxe6 Bf6 19. exf7+ Kxf7 20. f4 e6 21. Bf3 Rc7 22. Bb4 Rd7 23. Rd1 a5 24. Bxd6 Rad8 25. c5 Be7 26. h3 Bxd6 27. cxd6 Rxd6 28. Rc1 R8d7 29. Rc5 b6 30. Rb5 Rc7 31. Kh2 Rc2 32. a4 Rc3 33. Be2 Rc2 34. Bc4 Rdd2 35. Rg5 Kf6 36. h4 Rb2 37. Kh3 h6 38. Rg3 Rd1 39. Re3 Rd6 40. g4 Rbd2 41. g5+ hxg5 42. hxg5+ Ke7 43. Kg3 R2d4 44. Kf3 Rc6 45. Rc3 Kd6 46. Ke3 e5 47. f5 gxf5 48. g6 Rg4 0-1

[Event "December 5 Early 2023"]
[Site "https://www.chess.com"]
[Date "2023.12.05"]
[Round "4"]
[White "Fernandez Lopez, Ruben"]
[Black "Nechitaylo, Nikita"]
[Result "1-0"]
[Board "211"]
[TimeControl "180+1"]
[WhiteFideId "24518298"]
[BlackFideId "34138161"]
[WhiteElo "2438"]
[BlackElo "2182"]
[WhiteTeam "ESP"]
[BlackTeam "UKR"]
[WhiteClock "0:02:25"]
[BlackClock "0:00:22"]

1. e4 c5 2. Nf3 Nc6 3. d4 cxd4 4. c3 Nf6 5. e5 Nd5 6. cxd4 d6 7. Nc3 Nxc3 8. bxc3 dxe5 9. Nxe5 Nxe5 10. dxe5 Qxd1+ 11. Kxd1 e6 12. Be3 Bd7 13. Bd3 Bc6 14. f3 O-O-O 15. Ke2 b6 16. a4 Kb8 17. a5 b5 18. Rhb1 a6 19. c4 Ka8 20. cxb5 axb5 21. Bxb5 Bd5 22. Bb6 Rb8 23. Rc1 Bb4 24. Ra4 Be7 25. Rc7 Rb7 26. Rxb7 Kxb7 27. Be3 Rc8 28. a6+ Ka8 29. Kd3 Bc5 30. Bc4 Rd8 31. Bxd5+ Rxd5+ 32. Bd4 Bxd4 33. Rxd4 Rxe5 34. Rd7 Rf5 35. a7 Ra5 36. Rxf7 Rxa7 37. Rxa7+ Kxa7 38. Ke4 Kb7 39. Ke5 Kc7 40. Kxe6 Kd8 41. Kf7 g5 42. Kg7 h5 43. Kh6 g4 44. f4 h4 45. Kh5 h3 46. g3 1-0

[Event "December 5 Early 2023"]
[Site "https://www.chess.com"]
[Date "2023.12.05"]
[Round "4"]
[White "Petersson, Kjell"]
[Black "Marchesich, Giovanni"]
[Result "0-1"]
[Board "213"]
[TimeControl "180+1"]
[WhiteFideId "1705148"]
[BlackFideId "2824790"]
[WhiteElo "2173"]
[BlackElo "2397"]
[WhiteTeam "SWE"]
[BlackTeam "ITA"]
[WhiteClock "0:00:06"]
[BlackClock "0:01:39"]

1. d4 Nf6 2. Bf4 Nh5 3. Bg5 h6 4. Bd2 Nf6 5. Nc3 d5 6. Bf4 a6 7. e3 b5 8. a3 Bb7 9. Nf3 e6 10. Bd3 Nbd7 11. h3 c5 12. b3 Rc8 13. O-O cxd4 14. Ne2 dxe3 15. Bxe3 Bc5 16. Qd2 Bxe3 17. Qxe3 Qb6 18. Ned4 O-O 19. g4 Rfe8 20. g5 hxg5 21. Ne5 Nxe5 22. Qxe5 Nd7 23. Qe3 e5 24. Qxg5 Qxd4 25. Qf5 Nf6 26. Rae1 Qf4 27. Qxf4 exf4 28. Rxe8+ Rxe8 29. Rd1 Bc8 30. Kh2 g6 31. Rg1 Kg7 32. h4 Rh8 0-1

[Event "December 5 Early 2023"]
[Site "https://www.chess.com"]
[Date "2023.12.05"]
[Round "4"]
[White "Pertinez Soria, Juan Luis"]
[Black "Zampronha, Wladimir Camilo"]
[Result "1-0"]
[Board "214"]
[TimeControl "180+1"]
[WhiteFideId "2225620"]
[BlackFideId "2103087"]
[WhiteElo "2149"]
[BlackElo "2388"]
[WhiteTeam "ESP"]
[BlackTeam "BRA"]
[WhiteClock "0:00:27"]
[BlackClock "0:00:00"]

1. e4 c5 2. Nf3 e6 3. d4 cxd4 4. Nxd4 Nc6 5. Nb5 d6 6. c4 Nf6 7. N1c3 a6 8. Na3 Be7 9. Nc2 O-O 10. Be2 b6 11. O-O Bb7 12. Be3 Rc8 13. Rc1 Qc7 14. b4 Ne5 15. Na3 Nxe4 16. Nxe4 Bxe4 17. Qd4 Qb7 18. f3 Bg6 19. Qxb6 Qa8 20. c5 Rb8 21. Qxa6 Qxa6 22. Bxa6 Rxb4 23. c6 Bd8 24. c7 Bxc7 25. Rxc7 Ra4 26. Nc4 Rxa6 27. Nxe5 dxe5 28. Ra1 Rfa8 29. a3 h6 30. Bc5 Bd3 31. Bb4 e4 32. Kf2 R6a7 33. Rac1 Kh7 34. Ke3 f5 35. R1c6 Bf1 36. g3 exf3 37. Bc3 Bb5 38. Rc5 Rxc7 39. Rxc7 Rxa3 40. Rxg7+ Kh8 41. Rc7+ Rxc3+ 42. Rxc3 Be2 43. Rc7 Kg8 44. Ra7 h5 45. Re7 Bc4 46. Kxf3 Kf8 47. Rc7 Kg8 48. Kf4 Kf8 49. Rxc4 1-0

[Event "December 5 Early 2023"]
[Site "https://www.chess.com"]
[Date "2023.12.05"]
[Round "4"]
[White "Osiecki, Stanislaw"]
[Black "Marcziter, Dmitrii"]
[Result "0-1"]
[Board "215"]
[TimeControl "180+1"]
[WhiteFideId "1102990"]
[BlackFideId "13900765"]
[WhiteElo "2130"]
[BlackElo "2381"]
[WhiteTeam "POL"]
[BlackTeam "GER"]
[WhiteClock "0:00:00"]
[BlackClock "0:01:00"]

1. e4 e5 2. Nf3 Nc6 3. Bb5 f5 4. d3 fxe4 5. dxe4 Nf6 6. Bc4 Na5 7. Qe2 Nxc4 8. Qxc4 d6 9. O-O Qe7 10. Bg5 Be6 11. Qd3 O-O-O 12. Nc3 Qd7 13. Qe3 Kb8 14. Bxf6 gxf6 15. Kh1 f5 16. exf5 Bxf5 17. a4 h5 18. Nb5 b6 19. Qc3 Kb7 20. Rfd1 Bg7 21. b4 Be4 22. Ng5 Bc6 23. Nh3 a6 24. Na3 e4 25. Qe3 Bxa1 26. Rxa1 Qg7 0-1

[Event "December 5 Early 2023"]
[Site "https://www.chess.com"]
[Date "2023.12.05"]
[Round "4"]
[White "pauliukevicius"]
[Black "Shubin, Daniel"]
[Result "0-1"]
[Board "216"]
[TimeControl "180+1"]
[BlackFideId "30936470"]
[WhiteElo "2128"]
[BlackElo "2344"]
[BlackTeam "USA"]
[WhiteClock "0:00:00"]
[BlackClock "0:01:20"]

1. d4 d5 2. c4 e6 3. Nc3 Nf6 4. cxd5 exd5 5. Bg5 Nbd7 6. e3 c6 7. Bd3 Be7 8. Nge2 Nf8 9. O-O Ne6 10. Bh4 O-O 11. Qc2 g6 12. Rad1 b5 13. a3 a5 14. f3 b4 15. Na4 Bd7 16. e4 dxe4 17. fxe4 Ng4 18. Bxe7 Qxe7 19. Qd2 c5 20. Nb6 cxd4 21. Nxa8 Ne3 22. Nf4 Nxd1 23. Nd5 Qd6 24. Qh6 f5 25. Rxd1 Rxa8 26. Nf6+ Kf7 27. Nxd7 Qxd7 28. Qxh7+ Ng7 29. exf5 gxf5 30. Rf1 Kf6 0-1

[Event "December 5 Early 2023"]
[Site "https://www.chess.com"]
[Date "2023.12.05"]
[Round "4"]
[White "Johnson, Ben"]
[Black "titledsquirrel2007"]
[Result "0-1"]
[Board "217"]
[TimeControl "180+1"]
[WhiteFideId "2010917"]
[WhiteElo "2122"]
[BlackElo "2315"]
[WhiteTeam "USA"]
[WhiteClock "0:00:00"]
[BlackClock "0:00:39"]

1. Nf3 f5 2. d4 Nf6 3. g3 e6 4. Bg2 d5 5. O-O Bd6 6. Ne5 O-O 7. c4 c6 8. b3 Qe7 9. a4 Nbd7 10. Nxd7 Bxd7 11. Ba3 Rad8 12. Bxd6 Qxd6 13. a5 Ne4 14. e3 e5 15. c5 Qc7 16. Nd2 a6 17. Qc2 Nxd2 18. Qxd2 f4 19. dxe5 f3 20. Bh1 Qxe5 21. Ra4 Bf5 22. Bxf3 Bh3 23. Bg2 Bc8 24. Rf4 Rxf4 25. gxf4 Qe7 26. Rd1 Qxc5 27. b4 Qe7 28. Qd4 Rd6 29. e4 Rg6 30. f5 Rg4 31. h3 Rg5 32. exd5 Bxf5 33. dxc6 Be4 34. Qc4+ Kf8 35. c7 Rxg2+ 36. Kf1 Rxf2+ 37. Kxf2 Qf6+ 38. Ke2 Qf3+ 39. Kd2 Qf4+ 40. Kc3 Qe5+ 41. Kb3 Qg3+ 42. Ka4 Bc6+ 43. Qxc6 bxc6 44. c8=Q+ Kf7 45. Qc7+ Qxc7 46. Rf1+ Kg8 0-1

[Event "December 5 Early 2023"]
[Site "https://www.chess.com"]
[Date "2023.12.05"]
[Round "4"]
[White "Hernandez Jimenez, Alexander Andres"]
[Black "Jesusesmifuerza"]
[Result "1-0"]
[Board "218"]
[TimeControl "180+1"]
[WhiteFideId "3900452"]
[WhiteElo "2314"]
[BlackElo "2121"]
[WhiteTeam "VEN"]
[WhiteClock "0:01:26"]
[BlackClock "0:01:31"]

1. e4 e5 2. Nf3 Nc6 3. Bb5 a6 4. Ba4 Nf6 5. d3 Bc5 6. O-O b5 7. Bb3 d6 8. c3 O-O 9. Nbd2 h6 10. h3 Be6 11. Re1 Ne7 12. Nf1 Ng6 13. Ng3 Nh7 14. d4 exd4 15. cxd4 Bxb3 16. Qxb3 Bb6 17. Nf5 Nf6 18. e5 dxe5 19. dxe5 Nh7 20. e6 Ne7 21. exf7+ Rxf7 22. Nxe7+ Kh8 23. Ng6+ Kg8 24. Nge5 1-0

[Event "December 5 Early 2023"]
[Site "https://www.chess.com"]
[Date "2023.12.05"]
[Round "4"]
[White "Allam, Yara"]
[Black "Korol, Dimitry"]
[Result "0-1"]
[Board "219"]
[TimeControl "180+1"]
[WhiteFideId "10615709"]
[BlackFideId "14108003"]
[WhiteElo "2113"]
[BlackElo "2308"]
[WhiteTeam "EGY"]
[BlackTeam "UKR"]
[WhiteClock "0:00:00"]
[BlackClock "0:00:50"]

1. e4 c5 2. Nf3 d6 3. d4 cxd4 4. Nxd4 Nf6 5. Nc3 g6 6. Be3 Bg7 7. f3 O-O 8. Qd2 Nc6 9. g4 Be6 10. h4 d5 11. g5 Nh5 12. Nxe6 fxe6 13. exd5 exd5 14. Qxd5+ Qxd5 15. Nxd5 e6 16. Nc7 Bxb2 17. Rb1 Bc3+ 18. Kf2 Ne5 0-1

[Event "December 5 Early 2023"]
[Site "https://www.chess.com"]
[Date "2023.12.05"]
[Round "4"]
[White "Biriukov, Ilja"]
[Black "Gajwa Ankit"]
[Result "1-0"]
[Board "220"]
[TimeControl "180+1"]
[WhiteFideId "4113373"]
[BlackFideId "5077834"]
[WhiteElo "2111"]
[BlackElo "2304"]
[WhiteTeam "RUS"]
[BlackTeam "IND"]
[WhiteClock "0:01:29"]
[BlackClock "0:01:59"]

1. d4 Nf6 2. Nc3 d5 3. Bf4 e6 4. Qd2 Bd6 5. O-O-O a6 6. f3 b5 7. e4 b4 8. Na4 dxe4 9. Bc4 Bd7 10. Bb3 O-O 11. g4 exf3 12. Nxf3 Ne4 13. Qe3 Bxf4 14. Qxf4 Nf2 15. Ne5 Nxh1 16. Rxh1 Nc6 17. Nf3 Ne7 18. Rf1 Bxa4 19. Bxa4 Nd5 20. Qe4 c5 21. dxc5 Qc7 22. c6 Nb6 23. Bb3 a5 24. Ng5 a4 25. Qxh7# 1-0

[Event "December 5 Early 2023"]
[Site "https://www.chess.com"]
[Date "2023.12.05"]
[Round "4"]
[White "Shapiro, Daniel"]
[Black "Hartikainen, Jarmo"]
[Result "1-0"]
[Board "221"]
[TimeControl "180+1"]
[WhiteFideId "2001780"]
[BlackFideId "503134"]
[WhiteElo "2303"]
[BlackElo "2111"]
[WhiteTeam "USA"]
[BlackTeam "FIN"]
[WhiteClock "0:00:32"]
[BlackClock "0:00:00"]

1. d4 d5 2. c4 c5 3. dxc5 e6 4. cxd5 Bxc5 5. Nc3 Nf6 6. dxe6 Qxd1+ 7. Nxd1 Bxe6 8. Nf3 Nc6 9. e3 O-O 10. Be2 Rfd8 11. O-O Ne4 12. Nc3 Nxc3 13. bxc3 Rac8 14. Nd4 Bd5 15. Nb3 Be7 16. c4 Be6 17. Bb2 Nb4 18. Rfc1 Nd3 19. Bxd3 Rxd3 20. Nd4 Bxc4 21. Rc2 Be6 22. Rxc8+ Bxc8 23. Rc1 Be6 24. Kf1 Ba3 25. Bxa3 g6 26. Be7 Kg7 27. Nxe6+ fxe6 28. Rc7 1-0

[Event "December 5 Early 2023"]
[Site "https://www.chess.com"]
[Date "2023.12.05"]
[Round "4"]
[White "Nissinen, Niilo Man"]
[Black "Mangialardo, Tiago Carvalho"]
[Result "1-0"]
[Board "222"]
[TimeControl "180+1"]
[WhiteFideId "30950767"]
[BlackFideId "2130718"]
[WhiteElo "2300"]
[BlackElo "2094"]
[WhiteTeam "HKG"]
[BlackTeam "BRA"]
[WhiteClock "0:00:53"]
[BlackClock "0:00:02"]

1. e4 Nf6 2. e5 Nd5 3. d4 d6 4. Nf3 Nc6 5. h3 Bf5 6. exd6 cxd6 7. Be2 g6 8. O-O Bg7 9. c4 Nb6 10. Nc3 O-O 11. Be3 Rc8 12. Qb3 Na5 13. Qb5 Naxc4 14. Bxc4 Rxc4 15. d5 Bd3 16. Rfd1 Rxc3 17. Rxd3 a6 18. Bxb6 axb5 19. Bxd8 Rxd3 20. Bxe7 Rc8 21. Bxd6 Rxd5 22. Ba3 Rc2 23. Rb1 Rc4 24. b3 Rc2 25. Be7 Rxa2 26. Rc1 Be5 27. Rc8+ Kg7 28. g4 Bf4 29. g5 h6 30. Bf6+ Kh7 31. Rh8# 1-0